 Dungeon Crawl Stone Soup version 0.31-a0-232-gb1c03b2570 (webtiles) character file.

Game seed: 1820721631940547936

14 Newt the Shooter (level 2, -6/19 HPs)
             Began as a Kobold Hunter on July 7, 2023.
             Killed by an exploding adder (25 damage)
             ... ignited by their inner flame
             ... on level 2 of the Dungeon.
             The game lasted 00:00:29 (738 turns).

Newt the Shooter (Kobold Hunter)                     Turns: 738, Time: 00:00:32

Health: -6/19      AC:  3    Str:  8    XL:     2   Next: 60%
Magic:  2/2        EV: 14    Int: 10    God:
Gold:   28         SH:  0    Dex: 18    Spells: 1/1 levels left

rFire   . . .        a - +1 shortbow
rCold   . . .        (shield currently unavailable)
rNeg    . . .        c - +0 leather armour
rPois   .            (no helmet)
rElec   .            (no cloak)
rCorr   .            (no gloves)
SInv    .            (no boots)
Will    .....        (no amulet)
Stlth   +++          (no ring)
HPRegen 0.23/turn    (no ring)
MPRegen 0.08/turn

%: no passive effects
@: no status effects
A: small, no large weapons, nightstalker 3
a: no special abilities


You were on level 2 of the Dungeon.
You visited 1 branch of the dungeon, and saw 2 of its levels.

You collected 28 gold pieces.

Inventory:

Hand Weapons
 a - a +1 shortbow (weapon)
Armour
 c - a +0 leather armour (worn)
Scrolls
 b - a scroll of butterflies
 d - 3 scrolls of poison
Potions
 e - a potion of mutation {unknown}
 f - a potion of heal wounds {unknown}
 i - a potion of brilliance {unknown}
 k - a potion of berserk rage {unknown}
 l - a potion of attraction {unknown}


   Skills:
 + Level 3.3 Fighting
 - Level 5.3 Ranged Weapons
 - Level 2.4 Dodging
 - Level 1.3 Stealth


You had one spell level left.
You didn't know any spells.
Your spell library was empty.

Dungeon Overview and Level Annotations

Branches:
Dungeon (2/15)

Altars:


Innate Abilities, Weirdness & Mutations

You are small and have problems with some larger weapons.
You are completely attuned to the shadows.


Message History

Found a ring mail.
You now have 28 gold pieces (gained 5).
Done exploring.
No target in view!
No target in view!
Done exploring.
Done exploring.
No target in view!
Done exploring.
Done exploring.
Search for what [? for help]? .
(D) Dungeon
Where to? (? - help)
There is a stone staircase leading down here.
You climb downwards.
Found 6 gold pieces.
There is a stone staircase leading up here.
The air fills with toxic fumes!
As you read the scroll labelled CUCVIA EGARI, it crumbles to dust.
It was a scroll of poison.
As you read the scroll labelled YWNIFER MO HES, it crumbles to dust.
It is a scroll of enchant weapon.
Your +0 shortbow glows red for a moment.
As you read the scroll labelled OPRETZISIT, it crumbles to dust.
Wisps of shadow whirl around you...
It was a scroll of summoning.
As you read the scroll labelled ZUMUEM XOEXIUMO, it crumbles to dust.
The creatures around you are filled with an inner flame!
It was a scroll of immolation.
Your adder is engulfed in poison gas.
Your adder is poisoned.
Flame seeps out of your adder.
Your goblin is engulfed in poison gas.
Your goblin is poisoned.
Flame seeps out of your goblin. Flame seeps out of your adder.
Flame seeps out of your goblin.
Your adder is engulfed in poison gas.
Your adder looks even sicker.
Your adder's corpse dissolves into shadows!
Your adder explodes!
The fiery explosion engulfs you!!
Ouch! That really hurt!
You die...

# ##§
#§§#
#§§§#####
§§§g@§§§§
§§§§§§###
§§§§§w#
§§§§§§#
§§§§§##


You could see a friendly worm (summoned, inner flame) and a friendly goblin
(summoned, inner flame, poisoned).

Vanquished Creatures
  A dart slug (D:1)
  2 ball pythons (D:1)
  2 bats (D:1)
  A hobgoblin (D:1)
  2 jackals (D:1)
  A quokka (D:1)
  2 rats (D:1)
11 creatures vanquished.

Notes
Turn   | Place    | Note
-------+----------+-------------------------------------------
     0 | D:1      | Newt the Kobold Hunter began the quest for the Orb.
     0 | D:1      | Reached XP level 1. HP: 12/12 MP: 1/1
   208 | D:1      | Reached XP level 2. HP: 18/18 MP: 2/2
   738 | D:2      | Killed by an exploding adder... ignited by their inner
                  | flame

Illustrated notes

Levels and vault maps discovered:
D:1:      scummos_arrival_simple_crosswalls, layout_loops_ring
D:2:      layout_rooms, shapermc_ecumenical_altar_starsandcircs

Skill      XL: |  1  2 |
---------------+-------+-----
Fighting       | 3 |  3.3
Ranged Weapons | |  5.3
Dodging        | |  2.4
Stealth        | |  1.3

Action                     || total
---------------------------++-------
   Fire: Shortbow          ||    28
    Use: Scroll            ||     4
 Armour: Leather armour    ||     3
  Dodge: Dodged            ||    11

Table legend: (Time is in decaauts)
 A = Elapsed time spent in this place.
 B = Non-inter-level travel time spent in this place.
 C = Inter-level travel time spent in this place.
 D = Time resting spent in this place.
 E = Time spent auto-exploring this place.
 F = Levels seen in this place.
 G = Mean time per level.
                   A        B        C        D        E       F      G
               +--------+--------+--------+--------+--------+-----+--------+
         Total |    742 |    704 |     38 |      0 |    633 |   2 |  371.0 |
       Dungeon |    742 |    704 |     38 |      0 |    633 |   2 |  371.0 |
               +--------+--------+--------+--------+--------+-----+--------+

Top non-repeatable levels by time:
     D:1: 738 daAuts
     D:2: 4 daAuts
